AoeStats
← Samball49

Acropolis

503751705Analyzed
1v1 RM · 29d ago on Sep 2, 2026· 36m 19s· 2 players
Game mode
Random Map
Map size
Tiny (2 player)
Population
200
Speed
Normal
Resources
Standard
Victory
Conquest
Starting age
Dark Age
Ending age
Imperial Age
RankedLock teamsTeams togetherTeam positionsShared explorationLock speedFull tech treeHidden civsTurbo modeCheats
Victory
Defeat
🇻🇳 Georgians · Vietnam
1309
+18
🇺🇸 Cumans · United States
1344
-18
Lucky_Bois_VN
6:44 Loom
9:14 Feudal Age
10:14 Double-Bit Axe
18:52 Forging
22:18 Castle Age
20:30 Horse Collar
21:43 Gold Mining
22:39 Scale Barding Armor
22:45 Forging
23:03 Husbandry
23:15 Bow Saw
23:28 Bloodlines
25:22 Fletching
26:52 Bodkin Arrow
34:27 Chain Barding Armor
35:42 Heavy Plow
Samball49
6:32 Loom
9:00 Feudal Age
9:57 Double-Bit Axe
10:38 Horse Collar
21:03 Castle Age
19:17 Fletching
21:13 Crossbowman
21:54 Bodkin Arrow
32:26 Wheelbarrow
37:13 Imperial Age
35:58 Thumb Ring
35:58 Padded Archer Armor
36:43 Hand Cart
36:16 Town Watch
Connection lost

Rejoining the realm…

Still unreachable

The connection could not be restored.

Session expired

The server has moved on; the page needs a fresh start.